 Dungeon Crawl Stone Soup version 0.28-a0-1080-g05a166d0ed (webtiles) character file.

Game seed: 7133837482446375983

101 Deathmic the Shield-Bearer (level 4, -2/29 HPs)
             Began as a Gargoyle Fighter on Dec 9, 2021.
             Slain by a worm (6 damage)
             ... on level 2 of the Dungeon.
             The game lasted 00:05:23 (2395 turns).

Deathmic the Shield-Bearer (Gargoyle Fighter)       Turns: 2395, Time: 00:05:24

Health: -2/29      AC: 10    Str: 22    XL:     4   Next: 75%
Magic:  4/4        EV:  9    Int:  8    God:
Gold:   104        SH:  5    Dex: 15    Spells: 3/3 levels left

rFire   . . .      SeeInvis .   a - +0 flail
rCold   . . .      Faith    .   c - +0 buckler
rNeg    + . .      Spirit   .   b - +0 scale mail
rPois   ∞          Reflect  .   (no helmet)
rElec   +          Harm     .   (no cloak)
rCorr   +          Rampage  .   (no gloves)
Will    .....                   (no boots)
Stlth   ..........              (no amulet)
HPRegen 0.09/turn               e - +6 ring of dexterity
MPRegen 0.09/turn               l - ring of resist corrosion

@: mighty
A: sickness immunity, AC +3, negative energy resistance 1, electricity
resistance, torment resistance 1, petrification resistance
a: no special abilities


You were on level 2 of the Dungeon.
You visited 1 branch of the dungeon, and saw 3 of its levels.

You collected 104 gold pieces.

Inventory:

Hand Weapons
 a - a +0 flail (weapon)
Armour
 b - a +0 scale mail (worn)
 c - a +0 buckler (worn)
Jewellery
 e - a +6 ring of dexterity (left hand)
 l - a ring of resist corrosion (right hand)
Scrolls
 f - a scroll of magic mapping
 g - 2 scrolls of noise {unknown}
 h - a scroll of identify {unknown}
 i - a scroll of fear {unknown}
 k - a scroll of fog {unknown}
Potions
 d - 3 potions of might
 j - a potion of magic {unknown}


   Skills:
 + Level 3.9 Fighting
 * Level 3.3 Maces & Flails
 + Level 3.9 Armour
 + Level 3.9 Shields


You had 3 spell levels left.
You didn't know any spells.
Your spell library contained the following spells:

 Spells                   Type           Power      Damage    Failure   Level
 Dazzling Flash           Conj/Hex       0%         N/A       97%         3
 Agony                    Necr           0%         N/A       100%        5
 Silence                  Hex/Air        0%         N/A       100%        5


Dungeon Overview and Level Annotations

Branches:
Dungeon (3/15)

Altars:

Shops:
D:1 *


Innate Abilities, Weirdness & Mutations

You are immune to sickness and miasma.
Your stone body is resilient. (AC +3)
You are immune to poison.
You resist negative energy. (rN+)
You are resistant to electric shocks. (rElec)
You are resistant to unholy torment.
You are immune to petrification.


Message History

The gnoll hits you but does no damage.
You miss the adder. The adder bites you but does no damage.
The gnoll hits you from afar with a +0 spear.
The adder barely misses you.
The gnoll hits you from afar with a +0 spear.
You barely miss the adder. The adder closely misses you.
The gnoll hits you from afar with a +0 spear.
The adder bites you but does no damage.
You sock the adder!
You kill the adder!
The gnoll hits you but does no damage.
The gnoll hits you from afar with a +0 halberd!
* * * LOW HITPOINT WARNING * * *
You block the gnoll's attack.
A worm comes into view.
Things that are here:
a +0 halberd; an adder corpse You feel very mighty all of a sudden.
You block the gnoll's attack. The gnoll hits you with a +0 spear.
* * * LOW HITPOINT WARNING * * *
You bludgeon the gnoll!!
You kill the gnoll!
The gnoll barely misses you. x2
The gnoll hits you but does no damage.
Things that are here:
a +0 spear; 17 gold pieces You thump the gnoll!
The gnoll is severely wounded.
You block the gnoll's attack.
You sock the gnoll!
You kill the gnoll!
The gnoll shouts!
You see here a +0 halberd.
You barely miss the worm. The worm closely misses you.
You barely miss the worm. You sock the worm!
The worm is severely wounded.
A rat comes into view.
The worm bites you.
You die...

.# ########.)...#.# #.##.#.#####
.# ...........#.# #.#......... .#
...........#.# #.####.##### .#
...........#.# #.##....#
.#################.###.##'#######
...................##...........#
#####################...........#
......######...........#
......w@)).'^..........#
.....g######............ .....
#............ r... #............
... #............ ..
#...........# + #...........#
#############


You could see a worm, a gnoll and a rat (wandering).

Vanquished Creatures
  3 gnolls (D:2)
  2 adders (D:2)
  A worm (D:3)
  A dart slug (D:3)
  An orc (D:3)
  2 ball pythons (D:1)
  3 bats (D:1)
  5 endoplasms
  A giant cockroach (D:3)
  4 goblins
  7 hobgoblins
  4 jackals (D:1)
  6 kobolds
  A frilled lizard (D:1)
  4 rats
45 creatures vanquished.

Vanquished Creatures (others)
  A plant (D:1)
1 creature vanquished.

Grand Total: 46 creatures vanquished

Notes
Turn   | Place    | Note
-------+----------+-------------------------------------------
     0 | D:1      | Deathmic the Gargoyle Fighter began the quest for the Orb.
     0 | D:1      | Reached XP level 1. HP: 14/14 MP: 1/1
   109 | D:1      | Reached XP level 2. HP: 17/19 MP: 2/2
   526 | D:1      | Reached XP level 3. HP: 19/23 MP: 3/3
   821 | D:1      | Found Soihowe's General Store.
  1193 | D:2      | Found a faded altar of an unknown god.
  1882 | D:3      | Reached XP level 4. HP: 25/29 MP: 4/4
  2395 | D:2      | Slain by a worm

Illustrated notes

Levels and vault maps discovered:
D:1:      minmay_arrival_three_doors, layout_basic, serial_shops,
          nicolae_lakefront_shop, serial_bayou_pond_b,
          corexii_item_surrounded_by_moat
D:2:      layout_basic, hellmonk_ecumenical_altar_pennies_from_heaven
D:3:      layout_loops_cross

Skill      XL: |  1  2  3 |
---------------+----------+-----
Maces & Flails | 3 |  3.3
Fighting       | |  3.9
Armour         | |  3.9
Shields        | |  3.9

Action                   |  1- 3 |  4- 6 || total
-------------------------+-------+-------++-------
Melee: Flail             |   116 |    26 ||   142
  Use: Scroll            |     1 |       ||     1
       Potion            |       |     1 ||     1
Armor: Scale mail        |    35 |    10 ||    45
Dodge: Dodged            |    37 |    10 ||    47
Block: Buckler           |    29 |     9 ||    38

Table legend: (Time is in decaauts)
 A = Elapsed time spent in this place.
 B = Non-inter-level travel time spent in this place.
 C = Inter-level travel time spent in this place.
 D = Time resting spent in this place.
 E = Time spent auto-exploring this place.
 F = Levels seen in this place.
 G = Mean time per level.
                   A        B        C        D        E       F      G
               +--------+--------+--------+--------+--------+-----+--------+
         Total |   2442 |   2312 |    130 |      0 |   1867 |   3 |  814.0 |
       Dungeon |   2442 |   2312 |    130 |      0 |   1867 |   3 |  814.0 |
               +--------+--------+--------+--------+--------+-----+--------+

Top non-repeatable levels by time:
     D:1: 1006 daAuts
     D:3: 732 daAuts
     D:2: 703 daAuts
